Coyotes vs Penguins

Created - 31 décembre 2021 at 09:18

Goals
1 2 3 T
Coyotes 3 1 2 6
Penguins 1 0 1 2
Shots
1 2 3 T
Coyotes 10 6 20 36
Penguins 10 16 8 34

GoalsPenalties
1st period
1. Coyotes , Blake Wheeler 7 (Yegor Sharangovich 7, Miro Heiskanen 28) at 0:22
2. Coyotes , Ryan Johansen 9 (Blake Wheeler 19, Erik Gustafsson 5) at 6:07
3. Coyotes , Yegor Sharangovich 9 (Miro Heiskanen 29, Andrej Sekera 16) at 8:10
4. Penguins , Leon Draisaitl 19 (Dan Hamhuis 4) at 14:49
No Penalty
2nd period
5. Coyotes , Erik Gustafsson 2 (Ryan Johansen 13, Blake Wheeler 20) at 11:47
No Penalty
3rd period
6. Penguins , Brady Tkachuk 10 (Leon Draisaitl 23, Sami Vatanen 16) at 0:38
7. Coyotes , Miro Heiskanen 6 (Ryan Johansen 14, Blake Wheeler 21) at 4:35 (PP)
8. Coyotes , Yegor Sharangovich 10 (Ryan Johansen 15) at 6:40 (PP)
Colton Sissons (PIT) for Diving (Minor) at 3:21
Colton Sissons (PIT) for Hooking (Minor) at 4:55
Richard Panik (PIT) for Hooking (Minor) at 16:01
Goalie Stats
Mike Smith (ARI), 32 saves from 34 shots - (0,941), W, 18-10-1, 60:00 minutes
Ben Bishop (PIT), 18 saves from 20 shots - (0,900), 28:13 minutes
Thatcher Demko (PIT), 12 saves from 16 shots - (0,750), L, 10-11-2, 31:47 minutes
3 StarsOfficial
1 - Blake Wheeler (ARI)
2 - Ryan Johansen (ARI)
3 - Yegor Sharangovich (ARI)
Referees : Ghislain Hebert and Kyle Rehman
Linesman : Andy McElman and Darren Gibbs
Game Note
Ben Bishop enters game at 11:47 of 2nd period



Team Name Goals Shots Shots Attemp Shots Blocked PIM HIT PP PK FO%
Coyotes 63684100222 / 3 (67%)052%
Penguins 23467136170 / 0 (0,00%248%

Coyotes
Player Name POS G A P +/- PIM HIT SHT SB MP PP MP PP SHT PK MP PK SHT FO% FOT
Andrej SekeraD0111030023:293:0200:0000% 0
Blake WheelerC/RW1344045019:562:5610:00075% 4
Carl SoderbergC/LW000-1062118:352:0200:00035% 23
Dominik KubalikLW/RW000-1011118:352:0200:00067% 3
Erik GustafssonD1121002020:281:5610:0000% 0
Frank VatranoC/LW/RW000001008:210:0000:0000% 1
Ilya MikheyevRW000-1002113:080:0000:0000% 0
Jay BouwmeesterD0000010216:030:0000:0000% 0
Jesper BrattLW/RW000-1003018:352:0200:0000% 1
Kaapo KakkoRW000000008:210:0000:0000% 0
Kevan MillerD0001000318:320:0000:0000% 0
Michal KempnyD0000022119:053:0220:0000% 0
Miro HeiskanenD1231004122:231:5620:0000% 0
Nick PaulC/LW000-1023013:080:0000:00047% 19
Robert ThomasC/RW000000008:210:0000:00050% 10
Ryan JohansenC1344005019:562:5610:00063% 38
Tyler PitlickC/LW/RW000-1022013:080:0000:0000% 0
Yegor SharangovichC/LW/RW2134005019:562:5630:0000% 0
Penguins
Player Name POS G A P +/- PIM HIT SHT SB MP PP MP PP SHT PK MP PK SHT FO% FOT
Arthur KaliyevRW0001003021:250:0002:2700% 1
Brady TkachukLW1011036021:290:0002:310100% 1
Brett ConnollyRW000-2002016:450:0000:0000% 0
Colton SissonsC/LW/RW000-2422116:430:0000:00054% 26
Dan HamhuisD0110023117:030:0002:0900% 0
Dominic ToninatoC000003109:080:0002:27045% 11
Duncan KeithD0001000022:160:0002:0900% 0
Filip ZadinaRW000-1011012:380:0000:0000% 0
Jonathan DrouinC/LW/RW000-2011016:450:0000:0000% 0
Leon DraisaitlC/LW/RW1121009018:580:0000:00052% 29
Nick HoldenD000-3012122:500:0002:4900% 0
Nick RitchieLW000001006:410:0000:0000% 0
Niklas HjalmarssonD000-3000722:300:0002:4900% 0
Richard PanikLW/RW000-1203012:370:0000:0000% 0
Sami VatanenD0111001120:270:0000:0000% 0
Trevor LewisC/LW/RW000000006:410:0000:0000% 0
Ty SmithD0000000114:540:0000:0000% 0
Zack SmithC/LW000-1030115:090:0002:31042% 31

Coyotes

5 vs 5 Forward
Line #Left WingCenterRight WingPHYDFOFWanted %Time %Time Play
1Yegor SharangovichRyan JohansenBlake Wheeler2123031%17:00
2Dominik KubalikCarl SoderbergJesper Bratt1223030%16:33
3Tyler PitlickNick PaulIlya Mikheyev1222424%13:08
4Frank VatranoRobert ThomasKaapo Kakko1221615%8:21
5 vs 5 Defense
Line #DefenseDefensePHYDFOFWanted %Time %Time Play
1Miro HeiskanenAndrej Sekera1223026%14:26
2Kevan MillerErik Gustafsson1313034%18:32
3Jay BouwmeesterMichal Kempny1312429%16:03
4Miro HeiskanenAndrej Sekera1221611%6:01
Power Play Forward
Line #Left WingCenterRight WingPHYDFOFWanted %Time %Time Play
1Yegor SharangovichRyan JohansenBlake Wheeler1045059%2:56
2Dominik KubalikCarl SoderbergJesper Bratt1225041%2:02
Power Play Defense
Line #DefenseDefensePHYDFOFWanted %Time %Time Play
1Miro HeiskanenErik Gustafsson1225039%1:56
2Michal KempnyAndrej Sekera1225061%3:02
Penalty Kill 4 Players Forward
Line #CenterWingPHYDFOFWanted %Time %Time Play
1Carl SoderbergIlya Mikheyev122500%0:00
2Nick PaulTyler Pitlick122500%0:00
Penalty Kill 4 Players Defense
Line #DefenseDefensePHYDFOFWanted %Time %Time Play
1Jay BouwmeesterAndrej Sekera122500%0:00
2Kevan MillerMichal Kempny122500%0:00
Penalty Kill 3 Players
Line #WingPHYDFOFWanted %Time %Time PlayDefenseDefensePHYDFOFWanted %Time %Time Play
1Carl Soderberg122500%0:00 Jay BouwmeesterAndrej Sekera122500%0:00
2Tyler Pitlick122500%0:00 Kevan MillerMiro Heiskanen122500%0:00
4 vs 4 Forward
Line #CenterWingPHYDFOFWanted %Time %Time Play
1Ryan JohansenBlake Wheeler122500%0:00
2Carl SoderbergJesper Bratt122500%0:00
4 vs 4 Defense
Line #DefensePHYDFOFWanted %Time %Time Play
1Miro HeiskanenAndrej Sekera122500%0:00
2Kevan MillerErik Gustafsson122500%0:00
Last Minutes Offensive
Left WingCenterRight WingDefenseDefense
Yegor SharangovichRyan JohansenBlake WheelerMiro HeiskanenErik Gustafsson
Last Minutes Defensive
Left WingCenterRight WingDefenseDefense
Tyler PitlickCarl SoderbergIlya MikheyevJay BouwmeesterAndrej Sekera
Time
Total ForwardTotal DefenseLast Minutes OffensiveLast Minutes Defensive
60:00 60:00 0:000:00
Extra Forwards
Normal PowerPlayPenalty Kill
Ilya Mikheyev, Yegor Sharangovich, Jesper BrattFrank Vatrano, Yegor SharangovichJesper Bratt
Extra Defensemen
Normal PowerPlayPenalty Kill
Jay Bouwmeester, Michal Kempny, Kevan MillerJay Bouwmeester, Michal KempnyKevan Miller
Penalty Shots
Blake Wheeler, Carl Soderberg, Dominik Kubalik, Ryan Johansen, Nick Paul
Goalie
Mike Smith, Elvis Merzlikins
Custom OT Lines Forwards
Blake Wheeler, Carl Soderberg, Dominik Kubalik, Ryan Johansen, Jesper Bratt, Yegor Sharangovich, Frank Vatrano, Tyler Pitlick, Nick Paul, Kaapo Kakko
Custom OT Lines Defensemen
Miro Heiskanen, Andrej Sekera, Kevan Miller, Erik Gustafsson, Jay Bouwmeester
Scratches
None

Penguins

5 vs 5 Forward
Line #Left WingCenterRight WingPHYDFOFWanted %Time %Time Play
1Brady TkachukLeon DraisaitlArthur Kaliyev0143434%18:58
2Jonathan DrouinColton SissonsBrett Connolly0233030%16:45
3Richard PanikZack SmithFilip Zadina0322423%12:38
4Nick RitchieDominic ToninatoTrevor Lewis2301212%6:41
5 vs 5 Defense
Line #DefenseDefensePHYDFOFWanted %Time %Time Play
1Duncan KeithSami Vatanen0323837%20:07
2Nick HoldenNiklas Hjalmarsson0323636%19:41
3Dan HamhuisTy Smith1312627%14:54
4Nick HoldenSami Vatanen12201%0:20
Power Play Forward
Line #Left WingCenterRight WingPHYDFOFWanted %Time %Time Play
1Brady TkachukLeon DraisaitlJonathan Drouin005500%0:00
2Nick RitchieColton SissonsFilip Zadina005500%0:00
Power Play Defense
Line #DefenseDefensePHYDFOFWanted %Time %Time Play
1Duncan KeithSami Vatanen023500%0:00
2Ty SmithNiklas Hjalmarsson023500%0:00
Penalty Kill 4 Players Forward
Line #CenterWingPHYDFOFWanted %Time %Time Play
1Zack SmithBrady Tkachuk0505051%2:31
2Dominic ToninatoArthur Kaliyev0505049%2:27
Penalty Kill 4 Players Defense
Line #DefenseDefensePHYDFOFWanted %Time %Time Play
1Duncan KeithDan Hamhuis1405043%2:09
2Nick HoldenNiklas Hjalmarsson1405057%2:49
Penalty Kill 3 Players
Line #WingPHYDFOFWanted %Time %Time PlayDefenseDefensePHYDFOFWanted %Time %Time Play
1Zack Smith050500%0:00 Sami VatanenNick Holden050500%0:00
2Colton Sissons050500%0:00 Dan HamhuisTy Smith050500%0:00
4 vs 4 Forward
Line #CenterWingPHYDFOFWanted %Time %Time Play
1Leon DraisaitlBrett Connolly023500%0:00
2Colton SissonsJonathan Drouin023500%0:00
4 vs 4 Defense
Line #DefensePHYDFOFWanted %Time %Time Play
1Nick HoldenSami Vatanen032500%0:00
2Ty SmithDan Hamhuis032500%0:00
Last Minutes Offensive
Left WingCenterRight WingDefenseDefense
Brady TkachukLeon DraisaitlJonathan DrouinNick HoldenSami Vatanen
Last Minutes Defensive
Left WingCenterRight WingDefenseDefense
Jonathan DrouinColton SissonsFilip ZadinaNick HoldenSami Vatanen
Time
Total ForwardTotal DefenseLast Minutes OffensiveLast Minutes Defensive
60:00 60:00 0:000:00
Extra Forwards
Normal PowerPlayPenalty Kill
Leon Draisaitl, Jonathan Drouin, Brady TkachukRichard Panik, Jonathan DrouinTrevor Lewis
Extra Defensemen
Normal PowerPlayPenalty Kill
Duncan Keith, Nick Holden, Dan HamhuisSami Vatanen, Niklas HjalmarssonNick Holden
Penalty Shots
Leon Draisaitl, Jonathan Drouin, Brady Tkachuk, Filip Zadina, Arthur Kaliyev
Goalie
Thatcher Demko, Ben Bishop
Custom OT Lines Forwards
Leon Draisaitl, Brady Tkachuk, Filip Zadina, Arthur Kaliyev, Colton Sissons, Jonathan Drouin, Nick Ritchie, Brett Connolly, Zack Smith, Trevor Lewis
Custom OT Lines Defensemen
Sami Vatanen, Nick Holden, Duncan Keith, Niklas Hjalmarsson, Ty Smith
Scratches
Par Lindholm (Healthy), Greg McKegg (Healthy), Anton Khudobin (Healthy)


Play-by-Play

1st period


0:01 of 1st period - Leon Draisaitl wins face-off versus Ryan Johansen in neutral zone.
0:09 of 1st period - Icing by Miro Heiskanen.
0:10 of 1st period - Colton Sissons wins face-off versus Ryan Johansen in Coyotes zone.
0:13 of 1st period - Shot by Jonathan Drouin.
0:13 of 1st period - Shot Misses the Net.
0:22 of 1st period - Shot by Blake Wheeler.
0:22 of 1st period - Goal by Blake Wheeler - Coyotes : 1 - Penguins : 0.
0:23 of 1st period - Carl Soderberg wins face-off versus Zack Smith in neutral zone.
1:02 of 1st period - Shot by Jesper Bratt.
1:02 of 1st period - Shot Misses the Net.
1:06 of 1st period - Shot by Dominik Kubalik.
1:06 of 1st period - Shot Misses the Net.
1:32 of 1st period - Nick Paul is hit by Filip Zadina and loses puck.
1:44 of 1st period - Icing by Jay Bouwmeester.
1:45 of 1st period - Nick Paul wins face-off versus Leon Draisaitl in Coyotes zone.
1:50 of 1st period - Niklas Hjalmarsson is hit by Nick Paul and loses puck.
2:19 of 1st period - Shot by Leon Draisaitl.
2:19 of 1st period - Stopped by Mike Smith without a rebound.
2:20 of 1st period - Robert Thomas wins face-off versus Colton Sissons in Coyotes zone.
2:31 of 1st period - Shot by Kaapo Kakko.
2:31 of 1st period - Shot Misses the Net.
2:49 of 1st period - Shot by Robert Thomas.
2:49 of 1st period - Shot Misses the Net.
2:53 of 1st period - Shot by Frank Vatrano.
2:53 of 1st period - Shot Blocked by Colton Sissons.
3:06 of 1st period - Off-side.
3:07 of 1st period - Dominic Toninato wins face-off versus Ryan Johansen in neutral zone.
4:15 of 1st period - Dan Hamhuis is hit by Dominik Kubalik and loses puck.
4:24 of 1st period - Shot by Leon Draisaitl.
4:24 of 1st period - Shot Blocked by Dominik Kubalik.
4:30 of 1st period - Shot by Arthur Kaliyev.
4:30 of 1st period - Shot Misses the Net.
4:44 of 1st period - Shot by Leon Draisaitl.
4:44 of 1st period - Shot Misses the Net.
4:50 of 1st period - Shot by Brady Tkachuk.
4:50 of 1st period - Stopped by Mike Smith without a rebound.
4:51 of 1st period - Colton Sissons wins face-off versus Nick Paul in Coyotes zone.
4:51 of 1st period - Duncan Keith is hit by Andrej Sekera and loses puck.
4:58 of 1st period - Shot by Brett Connolly.
4:58 of 1st period - Shot Misses the Net.
5:05 of 1st period - Jonathan Drouin is hit by Andrej Sekera and loses puck.
5:23 of 1st period - Icing by Andrej Sekera.
5:24 of 1st period - Zack Smith wins face-off versus Nick Paul in Coyotes zone.
5:25 of 1st period - Shot by Filip Zadina.
5:25 of 1st period - Shot Misses the Net.
5:33 of 1st period - Shot by Tyler Pitlick.
5:33 of 1st period - Stopped by Thatcher Demko with a rebound.
5:35 of 1st period - Shot by Miro Heiskanen.
5:35 of 1st period - Stopped by Thatcher Demko without a rebound.
5:36 of 1st period - Ryan Johansen wins face-off versus Leon Draisaitl in Penguins zone.
6:01 of 1st period - Shot by Yegor Sharangovich.
6:01 of 1st period - Shot Misses the Net.
6:03 of 1st period - Shot by Erik Gustafsson.
6:03 of 1st period - Shot Hit the Post.
6:05 of 1st period - Shot by Blake Wheeler.
6:05 of 1st period - Shot Blocked by Ty Smith.
6:07 of 1st period - Shot by Ryan Johansen.
6:07 of 1st period - Goal by Ryan Johansen - Coyotes : 2 - Penguins : 0.
6:08 of 1st period - Carl Soderberg wins face-off versus Colton Sissons in neutral zone.
6:19 of 1st period - Shot by Carl Soderberg.
6:19 of 1st period - Stopped by Thatcher Demko with a rebound.
6:30 of 1st period - Icing by Sami Vatanen.
6:31 of 1st period - Robert Thomas wins face-off versus Colton Sissons in Penguins zone.
7:18 of 1st period - Shot by Leon Draisaitl.
7:18 of 1st period - Stopped by Mike Smith without a rebound.
7:19 of 1st period - Zack Smith wins face-off versus Ryan Johansen in Coyotes zone.
7:22 of 1st period - Shot by Richard Panik.
7:22 of 1st period - Stopped by Mike Smith without a rebound.
7:23 of 1st period - Blake Wheeler wins face-off versus Zack Smith in Coyotes zone.
7:25 of 1st period - Icing by Miro Heiskanen.
7:26 of 1st period - Zack Smith wins face-off versus Ryan Johansen in Coyotes zone.
8:10 of 1st period - Shot by Yegor Sharangovich.
8:10 of 1st period - Goal by Yegor Sharangovich - Coyotes : 3 - Penguins : 0.
8:11 of 1st period - Leon Draisaitl wins face-off versus Dominik Kubalik in neutral zone.
8:30 of 1st period - Shot by Leon Draisaitl.
8:30 of 1st period - Stopped by Mike Smith with a rebound.
8:36 of 1st period - Shot by Brady Tkachuk.
8:36 of 1st period - Stopped by Mike Smith without a rebound.
8:37 of 1st period - Nick Paul wins face-off versus Colton Sissons in Coyotes zone.
9:01 of 1st period - Icing by Michal Kempny.
9:02 of 1st period - Nick Paul wins face-off versus Leon Draisaitl in Coyotes zone.
9:11 of 1st period - Shot by Tyler Pitlick.
9:11 of 1st period - Shot Misses the Net.
9:13 of 1st period - Shot by Nick Paul.
9:13 of 1st period - Shot Hit the Post.
9:43 of 1st period - Carl Soderberg is hit by Brady Tkachuk and loses puck.
9:53 of 1st period - Icing by Andrej Sekera.
9:54 of 1st period - Dominic Toninato wins face-off versus Carl Soderberg in Coyotes zone.
10:01 of 1st period - Icing by Miro Heiskanen.
10:02 of 1st period - Colton Sissons wins face-off versus Carl Soderberg in Coyotes zone.
10:09 of 1st period - Shot by Colton Sissons.
10:09 of 1st period - Stopped by Mike Smith without a rebound.
10:10 of 1st period - Zack Smith wins face-off versus Ryan Johansen in Coyotes zone.
11:13 of 1st period - Andrej Sekera is hit by Jonathan Drouin and loses puck.
11:24 of 1st period - Duncan Keith is hit by Carl Soderberg.
11:37 of 1st period - Icing by Jesper Bratt.
11:38 of 1st period - Leon Draisaitl wins face-off versus Carl Soderberg in Coyotes zone.
11:39 of 1st period - Shot by Brady Tkachuk.
11:39 of 1st period - Shot Blocked by Miro Heiskanen.
11:55 of 1st period - Miro Heiskanen is hit by Brady Tkachuk.
12:20 of 1st period - Shot by Brady Tkachuk.
12:20 of 1st period - Shot Blocked by Jay Bouwmeester.
12:27 of 1st period - Icing by Frank Vatrano.
12:28 of 1st period - Robert Thomas wins face-off versus Dominic Toninato in Coyotes zone.
12:33 of 1st period - Jay Bouwmeester is hit by Nick Ritchie and loses puck.
12:38 of 1st period - Shot by Trevor Lewis.
12:38 of 1st period - Shot Blocked by Michal Kempny.
12:56 of 1st period - Michal Kempny is hit by Dominic Toninato and loses puck.
13:26 of 1st period - Icing by Jay Bouwmeester.
13:27 of 1st period - Colton Sissons wins face-off versus Robert Thomas in Coyotes zone.
14:12 of 1st period - Shot by Blake Wheeler.
14:12 of 1st period - Shot Misses the Net.
14:14 of 1st period - Shot by Yegor Sharangovich.
14:14 of 1st period - Shot Misses the Net.
14:49 of 1st period - Shot by Leon Draisaitl.
14:49 of 1st period - Goal by Leon Draisaitl - Coyotes : 3 - Penguins : 1.
14:50 of 1st period - Dominik Kubalik wins face-off versus Leon Draisaitl in neutral zone.
15:03 of 1st period - Off-side.
15:04 of 1st period - Zack Smith wins face-off versus Nick Paul in neutral zone.
15:32 of 1st period - Shot by Filip Zadina.
15:32 of 1st period - Shot Misses the Net.
15:34 of 1st period - Shot by Filip Zadina.
15:34 of 1st period - Shot Misses the Net.
16:10 of 1st period - Shot by Arthur Kaliyev.
16:10 of 1st period - Stopped by Mike Smith with a rebound.
16:12 of 1st period - Shot by Brady Tkachuk.
16:12 of 1st period - Deflect By Arthur Kaliyev.
16:12 of 1st period - Shot Blocked by Ilya Mikheyev.
16:26 of 1st period - Shot by Arthur Kaliyev.
16:26 of 1st period - Deflect By Leon Draisaitl.
16:26 of 1st period - Shot Blocked by Kevan Miller.
16:28 of 1st period - Shot by Leon Draisaitl.
16:28 of 1st period - Stopped by Mike Smith with a rebound.
17:21 of 1st period - Miro Heiskanen is hit by Dominic Toninato.
17:29 of 1st period - Shot by Carl Soderberg.
17:29 of 1st period - Stopped by Thatcher Demko without a rebound.
17:30 of 1st period - Ryan Johansen wins face-off versus Zack Smith in Penguins zone.
17:37 of 1st period - Shot by Ryan Johansen.
17:37 of 1st period - Stopped by Thatcher Demko without a rebound.
17:38 of 1st period - Ryan Johansen wins face-off versus Colton Sissons in Penguins zone.
18:13 of 1st period - Icing by Ryan Johansen.
18:14 of 1st period - Leon Draisaitl wins face-off versus Ryan Johansen in Coyotes zone.
18:27 of 1st period - Shot by Ryan Johansen.
18:27 of 1st period - Shot Blocked by Sami Vatanen.
18:31 of 1st period - Shot by Yegor Sharangovich.
18:31 of 1st period - Deflect By Blake Wheeler.
18:31 of 1st period - Shot Misses the Net.
18:52 of 1st period - Shot by Jesper Bratt.
18:52 of 1st period - Stopped by Thatcher Demko without a rebound.
18:53 of 1st period - Zack Smith wins face-off versus Robert Thomas in Penguins zone.
19:46 of 1st period - Shot by Dominik Kubalik.
19:46 of 1st period - Stopped by Thatcher Demko without a rebound.
19:47 of 1st period - Leon Draisaitl wins face-off versus Ryan Johansen in Penguins zone.
19:47 of 1st period - Leon Draisaitl is hit by Blake Wheeler.
Goals for this period are 3 for Coyotes vs 1 for Penguins.
Shots for this period are 10 for Coyotes vs 10 for Penguins.

2nd period


0:01 of 2nd period - Colton Sissons wins face-off versus Jesper Bratt in neutral zone.
0:32 of 2nd period - Shot by Dominik Kubalik.
0:32 of 2nd period - Shot Misses the Net.
0:58 of 2nd period - Shot by Yegor Sharangovich.
0:58 of 2nd period - Shot Hit the Post.
1:05 of 2nd period - Off-side.
1:06 of 2nd period - Nick Paul wins face-off versus Leon Draisaitl in neutral zone.
1:23 of 2nd period - Shot by Brady Tkachuk.
1:23 of 2nd period - Stopped by Mike Smith with a rebound.
1:25 of 2nd period - Shot by Arthur Kaliyev.
1:25 of 2nd period - Stopped by Mike Smith with a rebound.
1:27 of 2nd period - Shot by Leon Draisaitl.
1:27 of 2nd period - Deflect By Arthur Kaliyev.
1:27 of 2nd period - Stopped by Mike Smith without a rebound.
1:28 of 2nd period - Ryan Johansen wins face-off versus Zack Smith in Coyotes zone.
1:53 of 2nd period - Shot by Zack Smith.
1:53 of 2nd period - Shot Misses the Net.
2:44 of 2nd period - Leon Draisaitl is hit by Carl Soderberg.
2:52 of 2nd period - Sami Vatanen is hit by Carl Soderberg and loses puck.
4:08 of 2nd period - Shot by Nick Holden.
4:08 of 2nd period - Stopped by Mike Smith without a rebound.
4:09 of 2nd period - Zack Smith wins face-off versus Frank Vatrano in Coyotes zone.
4:09 of 2nd period - Zack Smith is hit by Jay Bouwmeester.
4:45 of 2nd period - Shot by Richard Panik.
4:45 of 2nd period - Shot Misses the Net.
4:47 of 2nd period - Shot by Richard Panik.
4:47 of 2nd period - Shot Misses the Net.
4:55 of 2nd period - Nick Holden is hit by Frank Vatrano and loses puck.
5:52 of 2nd period - Shot by Leon Draisaitl.
5:52 of 2nd period - Deflect By Brady Tkachuk.
5:52 of 2nd period - Shot Misses the Net.
6:12 of 2nd period - Shot by Colton Sissons.
6:12 of 2nd period - Shot Misses the Net.
6:14 of 2nd period - Shot by Dan Hamhuis.
6:14 of 2nd period - Stopped by Mike Smith without a rebound.
6:15 of 2nd period - Carl Soderberg wins face-off versus Dominic Toninato in Coyotes zone.
7:29 of 2nd period - Yegor Sharangovich is hit by Dan Hamhuis.
7:33 of 2nd period - Shot by Blake Wheeler.
7:33 of 2nd period - Deflect By Ryan Johansen.
7:33 of 2nd period - Stopped by Thatcher Demko without a rebound.
7:34 of 2nd period - Leon Draisaitl wins face-off versus Nick Paul in Penguins zone.
7:45 of 2nd period - Shot by Leon Draisaitl.
7:45 of 2nd period - Shot Blocked by Kevan Miller.
7:47 of 2nd period - Shot by Leon Draisaitl.
7:47 of 2nd period - Stopped by Mike Smith without a rebound.
7:48 of 2nd period - Colton Sissons wins face-off versus Nick Paul in Coyotes zone.
7:59 of 2nd period - Brett Connolly is hit by Tyler Pitlick and loses puck.
8:06 of 2nd period - Shot by Nick Paul.
8:06 of 2nd period - Deflect By Ilya Mikheyev.
8:06 of 2nd period - Shot Misses the Net.
8:08 of 2nd period - Shot by Ilya Mikheyev.
8:08 of 2nd period - Shot Blocked by Nick Holden.
8:10 of 2nd period - Shot by Nick Paul.
8:10 of 2nd period - Shot Blocked by Niklas Hjalmarsson.
8:16 of 2nd period - Shot by Ilya Mikheyev.
8:16 of 2nd period - Deflect By Nick Paul.
8:16 of 2nd period - Stopped by Thatcher Demko without a rebound.
8:17 of 2nd period - Leon Draisaitl wins face-off versus Ryan Johansen in Penguins zone.
8:22 of 2nd period - Shot by Yegor Sharangovich.
8:22 of 2nd period - Stopped by Thatcher Demko without a rebound.
8:23 of 2nd period - Ryan Johansen wins face-off versus Leon Draisaitl in Penguins zone.
9:08 of 2nd period - Icing by Kevan Miller.
9:09 of 2nd period - Ryan Johansen wins face-off versus Colton Sissons in Coyotes zone.
9:28 of 2nd period - Shot by Brett Connolly.
9:28 of 2nd period - Shot Misses the Net.
9:30 of 2nd period - Shot by Jonathan Drouin.
9:30 of 2nd period - Shot Misses the Net.
9:32 of 2nd period - Shot by Brett Connolly.
9:32 of 2nd period - Stopped by Mike Smith without a rebound.
9:33 of 2nd period - Nick Paul wins face-off versus Zack Smith in Coyotes zone.
9:47 of 2nd period - Icing by Dan Hamhuis.
9:48 of 2nd period - Zack Smith wins face-off versus Carl Soderberg in Penguins zone.
9:48 of 2nd period - Zack Smith is hit by Carl Soderberg.
10:03 of 2nd period - Ty Smith is hit by Michal Kempny and loses puck.
10:06 of 2nd period - Shot by Richard Panik.
10:06 of 2nd period - Stopped by Mike Smith without a rebound.
10:07 of 2nd period - Nick Paul wins face-off versus Leon Draisaitl in Coyotes zone.
10:09 of 2nd period - Icing by Ilya Mikheyev.
10:10 of 2nd period - Nick Paul wins face-off versus Arthur Kaliyev in Coyotes zone.
10:15 of 2nd period - Duncan Keith is hit by Tyler Pitlick and loses puck.
10:20 of 2nd period - Shot by Tyler Pitlick.
10:20 of 2nd period - Shot Misses the Net.
10:22 of 2nd period - Shot by Ilya Mikheyev.
10:22 of 2nd period - Stopped by Thatcher Demko without a rebound.
10:23 of 2nd period - Colton Sissons wins face-off versus Carl Soderberg in Penguins zone.
10:46 of 2nd period - Shot by Jonathan Drouin.
10:46 of 2nd period - Shot Misses the Net.
10:48 of 2nd period - Shot by Brett Connolly.
10:48 of 2nd period - Shot Misses the Net.
10:52 of 2nd period - Shot by Jonathan Drouin.
10:52 of 2nd period - Shot Blocked by Kevan Miller.
10:54 of 2nd period - Shot by Nick Holden.
10:54 of 2nd period - Stopped by Mike Smith without a rebound.
10:55 of 2nd period - Ryan Johansen wins face-off versus Leon Draisaitl in Coyotes zone.
11:02 of 2nd period - Shot by Miro Heiskanen.
11:02 of 2nd period - Stopped by Thatcher Demko without a rebound.
11:03 of 2nd period - Leon Draisaitl wins face-off versus Nick Paul in Penguins zone.
11:37 of 2nd period - Shot by Leon Draisaitl.
11:37 of 2nd period - Stopped by Mike Smith without a rebound.
11:38 of 2nd period - Ryan Johansen wins face-off versus Colton Sissons in Coyotes zone.
11:47 of 2nd period - Shot by Erik Gustafsson.
11:47 of 2nd period - Goal by Erik Gustafsson - Coyotes : 4 - Penguins : 1.
11:47 of 2nd period - Ben Bishop enters game.
11:48 of 2nd period - Carl Soderberg wins face-off versus Zack Smith in neutral zone.
12:08 of 2nd period - Off-side.
12:09 of 2nd period - Brady Tkachuk wins face-off versus Ryan Johansen in neutral zone.
12:28 of 2nd period - Shot by Arthur Kaliyev.
12:28 of 2nd period - Shot Misses the Net.
12:30 of 2nd period - Shot by Brady Tkachuk.
12:30 of 2nd period - Stopped by Mike Smith without a rebound.
12:31 of 2nd period - Colton Sissons wins face-off versus Carl Soderberg in Coyotes zone.
12:45 of 2nd period - Icing by Kevan Miller.
12:46 of 2nd period - Leon Draisaitl wins face-off versus Carl Soderberg in Coyotes zone.
12:49 of 2nd period - Shot by Leon Draisaitl.
12:49 of 2nd period - Stopped by Mike Smith without a rebound.
12:50 of 2nd period - Ryan Johansen wins face-off versus Colton Sissons in Coyotes zone.
14:05 of 2nd period - Shot by Dominik Kubalik.
14:05 of 2nd period - Shot Misses the Net.
14:07 of 2nd period - Shot by Kevan Miller.
14:07 of 2nd period - Shot Blocked by Niklas Hjalmarsson.
14:09 of 2nd period - Shot by Erik Gustafsson.
14:09 of 2nd period - Shot Misses the Net.
14:21 of 2nd period - Shot by Dominik Kubalik.
14:21 of 2nd period - Shot Blocked by Niklas Hjalmarsson.
14:28 of 2nd period - Jesper Bratt is hit by Nick Holden and loses puck.
14:47 of 2nd period - Michal Kempny is hit by Brady Tkachuk.
14:48 of 2nd period - Icing by Michal Kempny.
14:49 of 2nd period - Nick Paul wins face-off versus Zack Smith in Coyotes zone.
14:49 of 2nd period - Nick Paul is hit by Zack Smith.
15:03 of 2nd period - Shot by Nick Paul.
15:03 of 2nd period - Shot Misses the Net.
15:25 of 2nd period - Shot by Zack Smith.
15:25 of 2nd period - Shot Misses the Net.
15:50 of 2nd period - Icing by Sami Vatanen.
15:51 of 2nd period - Dominik Kubalik wins face-off versus Colton Sissons in Penguins zone.
16:33 of 2nd period - Off-side.
16:34 of 2nd period - Ryan Johansen wins face-off versus Leon Draisaitl in neutral zone.
16:45 of 2nd period - Shot by Leon Draisaitl.
16:45 of 2nd period - Stopped by Mike Smith without a rebound.
16:46 of 2nd period - Zack Smith wins face-off versus Robert Thomas in Coyotes zone.
16:56 of 2nd period - Shot by Dan Hamhuis.
16:56 of 2nd period - Stopped by Mike Smith without a rebound.
16:57 of 2nd period - Ryan Johansen wins face-off versus Leon Draisaitl in Coyotes zone.
17:05 of 2nd period - Icing by Nick Holden.
17:06 of 2nd period - Ryan Johansen wins face-off versus Leon Draisaitl in Penguins zone.
17:46 of 2nd period - Shot by Leon Draisaitl.
17:46 of 2nd period - Shot Misses the Net.
18:46 of 2nd period - Shot by Sami Vatanen.
18:46 of 2nd period - Stopped by Mike Smith without a rebound.
18:47 of 2nd period - Colton Sissons wins face-off versus Carl Soderberg in Coyotes zone.
18:52 of 2nd period - Shot by Brett Connolly.
18:52 of 2nd period - Shot Misses the Net.
18:54 of 2nd period - Shot by Colton Sissons.
18:54 of 2nd period - Shot Misses the Net.
18:56 of 2nd period - Shot by Jonathan Drouin.
18:56 of 2nd period - Shot Blocked by Jay Bouwmeester.
18:58 of 2nd period - Shot by Colton Sissons.
18:58 of 2nd period - Stopped by Mike Smith with a rebound.
19:11 of 2nd period - Ty Smith is hit by Michal Kempny and loses puck.
19:18 of 2nd period - Shot by Ty Smith.
19:18 of 2nd period - Shot Misses the Net.
19:45 of 2nd period - Icing by Andrej Sekera.
19:46 of 2nd period - Zack Smith wins face-off versus Robert Thomas in Coyotes zone.
19:46 of 2nd period - Zack Smith is hit by Andrej Sekera.
Goals for this period are 1 for Coyotes vs 0 for Penguins.
Shots for this period are 6 for Coyotes vs 16 for Penguins.

3rd period


0:01 of 3rd period - Ryan Johansen wins face-off versus Dominic Toninato in neutral zone.
0:08 of 3rd period - Shot by Blake Wheeler.
0:08 of 3rd period - Stopped by Ben Bishop without a rebound.
0:09 of 3rd period - Blake Wheeler wins face-off versus Zack Smith in Penguins zone.
0:12 of 3rd period - Shot by Blake Wheeler.
0:12 of 3rd period - Shot Misses the Net.
0:22 of 3rd period - Shot by Blake Wheeler.
0:22 of 3rd period - Stopped by Ben Bishop without a rebound.
0:23 of 3rd period - Leon Draisaitl wins face-off versus Carl Soderberg in Penguins zone.
0:23 of 3rd period - Leon Draisaitl is hit by Carl Soderberg.
0:28 of 3rd period - Off-side.
0:29 of 3rd period - Leon Draisaitl wins face-off versus Carl Soderberg in neutral zone.
0:38 of 3rd period - Shot by Brady Tkachuk.
0:38 of 3rd period - Goal by Brady Tkachuk - Coyotes : 4 - Penguins : 2.
0:39 of 3rd period - Ryan Johansen wins face-off versus Dominic Toninato in neutral zone.
1:09 of 3rd period - Shot by Dominic Toninato.
1:09 of 3rd period - Stopped by Mike Smith with a rebound.
1:22 of 3rd period - Shot by Blake Wheeler.
1:22 of 3rd period - Stopped by Ben Bishop with a rebound.
1:38 of 3rd period - Shot by Tyler Pitlick.
1:38 of 3rd period - Deflect By Nick Paul.
1:38 of 3rd period - Shot Misses the Net.
1:40 of 3rd period - Shot by Ilya Mikheyev.
1:40 of 3rd period - Shot Blocked by Niklas Hjalmarsson.
1:46 of 3rd period - Shot by Ilya Mikheyev.
1:46 of 3rd period - Stopped by Ben Bishop without a rebound.
1:47 of 3rd period - Carl Soderberg wins face-off versus Leon Draisaitl in Penguins zone.
2:23 of 3rd period - Off-side.
2:24 of 3rd period - Robert Thomas wins face-off versus Zack Smith in neutral zone.
2:27 of 3rd period - Shot by Kevan Miller.
2:27 of 3rd period - Shot Misses the Net.
2:39 of 3rd period - Shot by Frank Vatrano.
2:39 of 3rd period - Shot Misses the Net.
2:41 of 3rd period - Shot by Kevan Miller.
2:41 of 3rd period - Shot Misses the Net.
2:55 of 3rd period - Shot by Frank Vatrano.
2:55 of 3rd period - Shot Misses the Net.
2:57 of 3rd period - Shot by Robert Thomas.
2:57 of 3rd period - Shot Misses the Net.
3:18 of 3rd period - Icing by Kevan Miller.
3:19 of 3rd period - Robert Thomas wins face-off versus Colton Sissons in Coyotes zone.
3:21 of 3rd period - Minor Penalty to Colton Sissons for Diving.
3:22 of 3rd period - Dominic Toninato wins face-off versus Blake Wheeler in Penguins zone.
3:39 of 3rd period - Shot by Michal Kempny.
3:39 of 3rd period - Stopped by Ben Bishop without a rebound.
3:40 of 3rd period - Zack Smith wins face-off versus Carl Soderberg in Penguins zone.
4:08 of 3rd period - Shot by Dominik Kubalik.
4:08 of 3rd period - Shot Blocked by Niklas Hjalmarsson.
4:10 of 3rd period - Shot by Michal Kempny.
4:10 of 3rd period - Stopped by Ben Bishop without a rebound.
4:11 of 3rd period - Zack Smith wins face-off versus Ryan Johansen in Penguins zone.
4:35 of 3rd period - Shot by Miro Heiskanen.
4:35 of 3rd period - Goal by Miro Heiskanen - Coyotes : 5 - Penguins : 2.
4:36 of 3rd period - Nick Paul wins face-off versus Colton Sissons in neutral zone.
4:55 of 3rd period - Minor Penalty to Colton Sissons for Hooking.
4:56 of 3rd period - Carl Soderberg wins face-off versus Zack Smith in Penguins zone.
5:14 of 3rd period - Jesper Bratt is hit by Dominic Toninato and loses puck.
5:21 of 3rd period - Shot by Miro Heiskanen.
5:21 of 3rd period - Shot Blocked by Niklas Hjalmarsson.
5:37 of 3rd period - Shot by Miro Heiskanen.
5:37 of 3rd period - Shot Misses the Net.
5:39 of 3rd period - Shot by Miro Heiskanen.
5:39 of 3rd period - Stopped by Ben Bishop without a rebound.
5:40 of 3rd period - Ryan Johansen wins face-off versus Zack Smith in Penguins zone.
5:40 of 3rd period - Yegor Sharangovich is hit by Dan Hamhuis and loses puck.
6:04 of 3rd period - Shot by Ryan Johansen.
6:04 of 3rd period - Stopped by Ben Bishop with a rebound.
6:06 of 3rd period - Shot by Michal Kempny.
6:06 of 3rd period - Shot Misses the Net.
6:08 of 3rd period - Shot by Andrej Sekera.
6:08 of 3rd period - Shot Misses the Net.
6:10 of 3rd period - Shot by Blake Wheeler.
6:10 of 3rd period - Stopped by Ben Bishop without a rebound.
6:11 of 3rd period - Carl Soderberg wins face-off versus Dominic Toninato in Penguins zone.
6:38 of 3rd period - Shot by Erik Gustafsson.
6:38 of 3rd period - Stopped by Ben Bishop without a rebound.
6:39 of 3rd period - Ryan Johansen wins face-off versus Zack Smith in Penguins zone.
6:40 of 3rd period - Shot by Yegor Sharangovich.
6:40 of 3rd period - Goal by Yegor Sharangovich - Coyotes : 6 - Penguins : 2.
6:41 of 3rd period - Colton Sissons wins face-off versus Ryan Johansen in neutral zone.
7:18 of 3rd period - Duncan Keith is hit by Blake Wheeler and loses puck.
7:32 of 3rd period - Icing by Duncan Keith.
7:33 of 3rd period - Colton Sissons wins face-off versus Carl Soderberg in Penguins zone.
8:13 of 3rd period - Shot by Jesper Bratt.
8:13 of 3rd period - Stopped by Ben Bishop without a rebound.
8:14 of 3rd period - Leon Draisaitl wins face-off versus Nick Paul in Penguins zone.
8:16 of 3rd period - Niklas Hjalmarsson is hit by Nick Paul and loses puck.
8:39 of 3rd period - Shot by Nick Paul.
8:39 of 3rd period - Stopped by Ben Bishop without a rebound.
8:40 of 3rd period - Ryan Johansen wins face-off versus Zack Smith in Penguins zone.
8:45 of 3rd period - Shot by Blake Wheeler.
8:45 of 3rd period - Shot Misses the Net.
9:09 of 3rd period - Shot by Richard Panik.
9:09 of 3rd period - Stopped by Mike Smith without a rebound.
9:10 of 3rd period - Leon Draisaitl wins face-off versus Carl Soderberg in Coyotes zone.
9:27 of 3rd period - Shot by Leon Draisaitl.
9:27 of 3rd period - Shot Blocked by Carl Soderberg.
10:03 of 3rd period - Leon Draisaitl is hit by Carl Soderberg.
10:21 of 3rd period - Shot by Nick Paul.
10:21 of 3rd period - Stopped by Ben Bishop without a rebound.
10:22 of 3rd period - Ryan Johansen wins face-off versus Zack Smith in Penguins zone.
10:30 of 3rd period - Duncan Keith is hit by Blake Wheeler.
10:32 of 3rd period - Shot by Filip Zadina.
10:32 of 3rd period - Stopped by Mike Smith without a rebound.
10:33 of 3rd period - Colton Sissons wins face-off versus Nick Paul in Coyotes zone.
10:50 of 3rd period - Shot by Nick Paul.
10:50 of 3rd period - Shot Misses the Net.
10:52 of 3rd period - Shot by Tyler Pitlick.
10:52 of 3rd period - Shot Misses the Net.
12:08 of 3rd period - Ryan Johansen is hit by Zack Smith and loses puck.
13:09 of 3rd period - Shot by Jesper Bratt.
13:09 of 3rd period - Stopped by Ben Bishop without a rebound.
13:10 of 3rd period - Dominic Toninato wins face-off versus Robert Thomas in Penguins zone.
14:29 of 3rd period - Shot by Ilya Mikheyev.
14:29 of 3rd period - Shot Misses the Net.
14:31 of 3rd period - Shot by Ilya Mikheyev.
14:31 of 3rd period - Shot Misses the Net.
14:33 of 3rd period - Shot by Tyler Pitlick.
14:33 of 3rd period - Stopped by Ben Bishop without a rebound.
14:34 of 3rd period - Zack Smith wins face-off versus Carl Soderberg in Penguins zone.
14:46 of 3rd period - Jesper Bratt is hit by Zack Smith and loses puck.
14:53 of 3rd period - Shot by Dan Hamhuis.
14:53 of 3rd period - Stopped by Mike Smith without a rebound.
14:54 of 3rd period - Ryan Johansen wins face-off versus Colton Sissons in Coyotes zone.
14:54 of 3rd period - Ryan Johansen is hit by Colton Sissons.
15:05 of 3rd period - Nick Holden is hit by Blake Wheeler.
15:08 of 3rd period - Off-side.
15:09 of 3rd period - Leon Draisaitl wins face-off versus Carl Soderberg in neutral zone.
15:36 of 3rd period - Shot by Leon Draisaitl.
15:36 of 3rd period - Shot Misses the Net.
16:01 of 3rd period - Minor Penalty to Richard Panik for Hooking.
16:02 of 3rd period - Blake Wheeler wins face-off versus Zack Smith in Penguins zone.
16:05 of 3rd period - Shot by Yegor Sharangovich.
16:05 of 3rd period - Shot Blocked by Zack Smith.
16:07 of 3rd period - Shot by Blake Wheeler.
16:07 of 3rd period - Shot Blocked by Niklas Hjalmarsson.
16:11 of 3rd period - Shot by Yegor Sharangovich.
16:11 of 3rd period - Shot Misses the Net.
16:17 of 3rd period - Shot by Yegor Sharangovich.
16:17 of 3rd period - Stopped by Ben Bishop without a rebound.
16:18 of 3rd period - Dominic Toninato wins face-off versus Ryan Johansen in Penguins zone.
16:38 of 3rd period - Shot by Michal Kempny.
16:38 of 3rd period - Shot Blocked by Dan Hamhuis.
16:40 of 3rd period - Shot by Yegor Sharangovich.
16:40 of 3rd period - Stopped by Ben Bishop without a rebound.
16:41 of 3rd period - Carl Soderberg wins face-off versus Zack Smith in Penguins zone.
16:59 of 3rd period - Off-side.
17:00 of 3rd period - Ryan Johansen wins face-off versus Zack Smith in neutral zone.
17:05 of 3rd period - Shot by Andrej Sekera.
17:05 of 3rd period - Shot Misses the Net.
17:16 of 3rd period - Icing by Ryan Johansen.
17:17 of 3rd period - Ryan Johansen wins face-off versus Dominic Toninato in Coyotes zone.
17:19 of 3rd period - Icing by Michal Kempny.
17:20 of 3rd period - Ryan Johansen wins face-off versus Zack Smith in Coyotes zone.
18:00 of 3rd period - Icing by Yegor Sharangovich.
18:01 of 3rd period - Colton Sissons wins face-off versus Nick Paul in Coyotes zone.
18:06 of 3rd period - Shot by Jonathan Drouin.
18:06 of 3rd period - Stopped by Mike Smith without a rebound.
18:07 of 3rd period - Colton Sissons wins face-off versus Nick Paul in Coyotes zone.
18:20 of 3rd period - Tyler Pitlick is hit by Colton Sissons and loses puck.
18:49 of 3rd period - Shot by Jonathan Drouin.
18:49 of 3rd period - Deflect By Brett Connolly.
18:49 of 3rd period - Stopped by Mike Smith without a rebound.
18:50 of 3rd period - Leon Draisaitl wins face-off versus Ryan Johansen in Coyotes zone.
18:51 of 3rd period - Shot by Brady Tkachuk.
18:51 of 3rd period - Stopped by Mike Smith without a rebound.
18:52 of 3rd period - Ryan Johansen wins face-off versus Leon Draisaitl in Coyotes zone.
18:57 of 3rd period - Shot by Blake Wheeler.
18:57 of 3rd period - Deflect By Ryan Johansen.
18:57 of 3rd period - Stopped by Ben Bishop without a rebound.
18:58 of 3rd period - Ryan Johansen wins face-off versus Leon Draisaitl in Penguins zone.
Goals for this period are 2 for Coyotes vs 1 for Penguins.
Shots for this period are 20 for Coyotes vs 8 for Penguins.